AoeStats
← The_Idiot

MegaRandom

504901922Analyzed
2v2 RM · 26d ago on Sep 7, 2026· 32m 42s· 4 players
Game mode
Random Map
Map size
Medium (4 player)
Population
200
Speed
Normal
Resources
Standard
Victory
Conquest
Starting age
Dark Age
Ending age
Imperial Age
RankedLock teamsTeams togetherTeam positionsShared explorationLock speedFull tech treeHidden civsTurbo modeCheats
Victory
Defeat
🇦🇷 Cumans · Argentina
1206
+17
🇨🇱 Armenians · Chile
1205
+17
🇺🇸 Goths · United States
1220
-17
🇺🇸 Goths · United States
1217
-17
CLOUS
6:17 Loom
10:07 Feudal Age
15:00 Fletching
15:58 Wheelbarrow
15:12 Double-Bit Axe
19:48 Wheelbarrow
18:58 Town Watch
25:16 Castle Age
24:43 Horse Collar
25:10 Fishing Lines
26:05 Thumb Ring
25:57 Bodkin Arrow
26:59 Padded Archer Armor
32:28 Bloodlines
larry fisherman
7:35 Loom
10:23 Feudal Age
10:27 Man-at-Arms
11:33 Long Swordsman
17:23 Scale Mail Armor
26:47 Castle Age
26:25 Forging
26:14 Arson
26:43 Double-Bit Axe
26:45 Horse Collar
26:50 Two-Handed Swordsman
27:33 Gambesons
28:20 Chain Mail Armor
29:20 Iron Casting
29:10 Squires
THETRUEIDIOT
0:57 Loom
11:06 Feudal Age
11:39 Double-Bit Axe
11:17 Man-at-Arms
13:52 Horse Collar
19:04 Fishing Lines
21:26 Castle Age
20:21 Scale Mail Armor
21:30 Long Swordsman
22:15 Squires
22:32 Chain Mail Armor
24:03 Gillnets
24:54 Bow Saw
26:28 Forging
The_Idiot
0:40 Loom
12:17 Feudal Age
13:14 Double-Bit Axe
13:10 Horse Collar
14:38 Man-at-Arms
26:15 Wheelbarrow
27:09 Town Watch
30:07 Castle Age
30:13 Crossbowman
31:36 Fletching
32:15 Bow Saw
Connection lost

Rejoining the realm…

Still unreachable

The connection could not be restored.

Session expired

The server has moved on; the page needs a fresh start.